 Dungeon Crawl Stone Soup version 0.28.0 (webtiles) character file.

Game seed: 8362741834271515076

21 Morbidden the Sneak (level 2, -1/28 HPs)
             Began as a Troll Brigand on Feb 16, 2022.
             Frozen to death by an endoplasm (2 damage)
             ... on level 2 of the Dungeon.
             The game lasted 00:01:14 (859 turns).

Morbidden the Sneak (Troll Brigand)                  Turns: 859, Time: 00:01:15

Health: -1/28      AC:  5    Str: 18    XL:     2   Next: 65%
Magic:  1/1        EV:  9    Int:  7    God:
Gold:   15         SH:  0    Dex: 11    Spells: 1/1 levels left

rFire   . . .      SeeInvis .   (no weapon)
rCold   . . .      Faith    .   (no shield)
rNeg    . . .      Spirit   .   b - +0 robe
rPois   .          Reflect  .   (helmet restricted)
rElec   .          Harm     .   c - +0 cloak
rCorr   .          Rampage  .   (gloves unavailable)
Will    .....                   (boots unavailable)
Stlth   ++........              (no amulet)
HPRegen 0.89/turn               (no ring)
MPRegen 0.07/turn               (no ring)

@: invisible
A: large, unfitting armour, claws 3, regeneration 1, shaggy fur 1, tough skin 1
a: no special abilities


You were on level 2 of the Dungeon.
You visited 1 branch of the dungeon, and saw 2 of its levels.

You collected 15 gold pieces.

Inventory:

Hand Weapons
 a - a +0 fustibalus
Missiles
 d - 8 poisoned darts (quivered)
 e - 2 curare-tipped darts
 f - 3 stones
Armour
 b - a +0 robe (worn)
 c - a +0 cloak (worn)


   Skills:
 * Level 1.7 Fighting
 - Level 1.5 Short Blades
 + Level 1.8 Throwing
 * Level 1.1 Dodging
 + Level 2.4 Stealth
 * Level 0.6 Unarmed Combat


You had one spell level left.
You didn't know any spells.
Your spell library was empty.

Dungeon Overview and Level Annotations

Branches:
Dungeon (2/15)

Altars:

Shops:
D:1 :


Innate Abilities, Weirdness & Mutations

You are too large for most types of armour.
You have claws for hands.
Your natural rate of healing is unusually fast.
You are covered in fur. (AC +1)
You have tough skin. (AC +1)


Message History

You closely miss the adder.
The adder is severely wounded.
The adder bites you but does no damage. The endoplasm completely misses you.
The endoplasm closely misses you.
Unknown command.
You closely miss the adder.
The adder is severely wounded.
The adder barely misses you. The dart slug barely misses you.
The endoplasm hits you but does no damage. x2
Unknown command.
Unknown command.
Unknown command.
You claw the adder!
You kill the adder!
The endoplasm freezes you.
* * * LOW HITPOINT WARNING * * *
The dart slug bites you but does no damage.
The endoplasm closely misses you.
Unknown command.
Unknown command.
You scratch the dart slug.
The dart slug is lightly wounded.
The endoplasm hits you but does no damage.
The endoplasm freezes you.
* * * LOW HITPOINT WARNING * * *
Unknown command.
You scratch the dart slug.
The dart slug is moderately wounded.
The dart slug barely misses you. The endoplasm freezes you.
* * * LOW HITPOINT WARNING * * *
The endoplasm barely misses you.
Unknown command.
Unknown command.
You barely miss the endoplasm. The endoplasm freezes you.
* * * LOW HITPOINT WARNING * * *
The dart slug closely misses you. The endoplasm freezes you.
You die...

.... .......
##... #......
#..#( ##.....
#.### #......
#..#.#$#...##
#..#g###...#
#.###w#....#
#..#@J......
##..Jw......
#..........
##.<.....##
##.....##
###..## ..#
.... .##..


You could see 2 dart slugs, 2 endoplasms and a hobgoblin.

Vanquished Creatures
  An adder (D:2)
  An endoplasm (D:1)
  2 giant cockroaches (D:1)
  A goblin (D:1)
  2 kobolds (D:1)
  A ball python (D:1)
  3 bats (D:1)
  A frilled lizard (D:1)
12 creatures vanquished.

Notes
Turn   | Place    | Note
-------+----------+-------------------------------------------
     0 | D:1      | Morbidden the Troll Brigand began the quest for the Orb.
     0 | D:1      | Reached XP level 1. HP: 19/19 MP: 0/0
   492 | D:1      | Reached XP level 2. HP: 27/27 MP: 1/1
   537 | D:1      | Reached skill level 1 in Dodging
   563 | D:1      | Found Qumoc's Book Boutique.
   859 | D:2      | HP: 1/28 [frozen (4)]
   859 | D:2      | Frozen to death by an endoplasm

Illustrated notes

Levels and vault maps discovered:
D:1:      nagdon_arrival_zigzag_paths, layout_basic, serial_shops,
          nicolae_shop_hallway_plus, corexii_hall_statues_l
D:2:      layout_rooms, basic_altar, chequers_ecumenical_altar_island,
          minmay_pentomino_x4

Skill      XL: |  1  2 |
---------------+-------+-----
Dodging        | 1 |  1.1
Fighting       | |  1.7
Short Blades   | |  1.5
Throwing       | |  1.8
Stealth        | |  2.4
Unarmed Combat | |  0.6

Action                   || total
-------------------------++-------
Melee: Unarmed           ||    47
       Punch             ||     1
  Use: Potion            ||     1
 Stab: Sleeping          ||     3
Armor: Robe              ||    24
Dodge: Dodged            ||    35
